 Dungeon Crawl Stone Soup version 0.29.1-2-gbd0b4ee654 (webtiles) character file.

Game seed: 3525712512213773680

72 boopmooplesden the Twirler (level 4, -4/38 HPs)
             Began as a Minotaur Gladiator on Nov 27, 2022.
             Slain by Sigmund
             ... wielding a +0 scythe
              (14 damage)
             ... on level 3 of the Dungeon.
             The game lasted 00:01:53 (1867 turns).

boopmooplesden the Twirler (Minotaur Gladiator)     Turns: 1867, Time: 00:01:54

Health: -4/38      AC:  5    Str: 21    XL:     4   Next: 6%
Magic:  3/3        EV: 12    Int:  5    God:
Gold:   95         SH:  0    Dex: 11    Spells: 3/3 levels left

rFire   . . .      SeeInvis .   a - +0 quarterstaff
rCold   . . .      Faith    .   (shield currently unavailable)
rNeg    + . .      Spirit   .   b - +0 leather armour
rPois   .          Reflect  .   c - +0 hat
rElec   .          Harm     .   (no cloak)
rCorr   +          Rampage  +   (no gloves)
Will    .....                   s - +1 pair of boots of the Ward {Contam Rampage rN+ rCorr}
Stlth   +.........              (no amulet)
HPRegen 0.12/turn               (no ring)
MPRegen 0.08/turn               (no ring)

@: no status effects
A: horns 2, retaliatory headbutt
a: no special abilities


You were on level 3 of the Dungeon.
You visited 1 branch of the dungeon, and saw 3 of its levels.

You collected 95 gold pieces.

Inventory:

Hand Weapons
 a - a +0 quarterstaff (weapon)
Missiles
 d - 2 throwing nets (quivered)
 e - a javelin
Armour
 b - a +0 leather armour (worn)
 c - a +0 hat (worn)
 s - the +1 pair of boots of the Ward (worn) {Contam Rampage rN+ rCorr}
   (You found it on level 2 of the Dungeon)

   rN:        It protects you from negative energy.
   Contam:    It causes magical contamination when unequipped.
   rCorr:     It protects you from acid and corrosion.
   Rampage:   It bestows one free step when moving towards enemies.
Jewellery
 p - a ring of wizardry
Wands
 r - a wand of iceblast (11)
Scrolls
 f - 2 scrolls of teleportation {unknown}
 h - a scroll of vulnerability {unknown}
 i - a scroll of summoning {unknown}
 j - a scroll of butterflies {unknown}
 k - 2 scrolls of enchant weapon {unknown}
 o - a scroll of poison {unknown}
 q - a scroll of fear {unknown}
Potions
 g - a potion of degeneration {unknown}
 l - a potion of cancellation {unknown}
 m - 2 potions of curing {unknown}
 n - 2 potions of brilliance {unknown}
 t - a potion of might


   Skills:
 + Level 3.0 Fighting
 + Level 4.6 Staves
 + Level 2.1 Throwing
 + Level 1.2 Armour
 + Level 3.8 Dodging
 + Level 0.7 Stealth


You had 3 spell levels left.
You didn't know any spells.
Your spell library was empty.

Dungeon Overview and Level Annotations

Branches:
Dungeon (3/15)

Altars:

Annotations:
D:3 Sigmund


Innate Abilities, Weirdness & Mutations

You have a pair of horns on your head.
You reflexively headbutt those who attack you in melee.


Message History

Sigmund gestures at you while chanting.
You are confused.
You closely miss Sigmund. Your headbutt misses Sigmund.
Sigmund is lightly wounded.
Sigmund closely misses you.
You bump into the rock wall.
The giant cockroach bites you but does no damage.
Sigmund gestures at you while chanting.
You are more confused.
Found a scroll labelled TEOQU ID ZUMPI.
Sigmund closely misses you.
The giant cockroach bites you but does no damage.
You closely miss the giant cockroach. The giant cockroach bites you.
Sigmund hits you from afar with a +0 scythe.
Non-targeted confused throw: 3 throwing nets
Press: ? - help, Q - select action, (/) - cycle Dir - look around, f - activate You throw a throwing net.
The giant cockroach barely misses you. The giant cockroach bites you.
Sigmund hits you with a +0 scythe. The giant cockroach barely misses you.
You miss Sigmund.
Sigmund is lightly wounded.
The giant cockroach barely misses you.
Sigmund zaps a wand.
You resist with some effort.
You barely miss the giant cockroach. The giant cockroach closely misses you.
Sigmund hits you with a +0 scythe!
You miss the giant cockroach.
The giant cockroach bites you but does no damage.
You bump into the rock wall.
The giant cockroach closely misses you. Sigmund casts a spell at you.
The magic dart hits you.
* * * LOW HITPOINT WARNING * * *
The giant cockroach completely misses you.
Sigmund casts a spell.
Sigmund flickers and vanishes!
Deactivating autopickup; reactivate with Ctrl-A.
The giant cockroach bites you but does no damage.
You bump into the rock wall.
You feel less confused. Something hits you!
You die...

...###.##?#
..........
#.......#
###......#
.....?..#
#......#
#.....####
#@.......#
#.B...##.#
#{..<.#
####........
..#..!...
.###......
## .....
..(.. ....


You could see a giant cockroach.

Vanquished Creatures
  An adder (D:2)
  A worm (D:2)
  A dart slug (D:1)
  6 ball pythons
  11 bats
  9 endoplasms
  A giant cockroach (D:1)
  4 goblins
  7 hobgoblins
  5 kobolds
  A quokka (D:2)
  2 frilled lizards (D:2)
  3 rats (D:1)
52 creatures vanquished.

Notes
Turn   | Place    | Note
-------+----------+-------------------------------------------
     0 | D:1      | boopmooplesden the Minotaur Gladiator began the quest for
                  | the Orb.
     0 | D:1      | Reached XP level 1. HP: 18/18 MP: 0/0
   329 | D:1      | Reached XP level 2. HP: 20/25 MP: 1/1
   332 | D:1      | Reached skill level 4 in Staves
   582 | D:1      | Found a faded altar of an unknown god.
   667 | D:1      | Reached XP level 3. HP: 30/30 MP: 2/2
  1082 | D:2      | Reached skill level 1 in Armour
  1477 | D:2      | Identified the +1 pair of boots of the Ward {Contam Rampage
                  | rN+ rCorr}
  1531 | D:2      | Reached XP level 4. HP: 38/38 MP: 3/3
  1851 | D:3      | Noticed Sigmund
  1867 | D:3      | Slain by Sigmund

Illustrated notes

Levels and vault maps discovered:
D:1:      saegor_arrival_simple_c, layout_rooms, nicolae_ecumenical_lake_church
D:2:      layout_basic, grunt_decor_junction
D:3:      layout_rooms, wander_ebering_terrifying_dragon_lair,
          uniq_crazy_yiuf_cottage, uniq_sigmund

Skill      XL: |  1  2  3 |
---------------+----------+-----
Staves         | 4 |  4.6
Armour         | 1 |  1.2
Fighting       | 3 |  3.0
Throwing       | |  2.1
Dodging        | |  3.8
Stealth        | |  0.7

Action                   |  1- 3 |  4- 6 || total
-------------------------+-------+-------++-------
Melee: Quarterstaff      |    80 |    11 ||    91
       Headbutt          |     9 |     1 ||    10
Throw: Throwing net      |       |     1 ||     1
 Stab: Sleeping          |       |     1 ||     1
Armor: Leather armour    |    31 |     4 ||    35
Dodge: Dodged            |    79 |    11 ||    90
